 Dungeon Crawl Stone Soup version 0.21-a0-213-gae198ad (webtiles) character file.

47 Manul the Sneak (level 3, -3/18 HPs)
             Began as a Vine Stalker Assassin on Aug 22, 2017.
             Slain by a centaur (5 damage)
             ... on level 3 of the Dungeon.
             The game lasted 00:01:54 (1964 turns).

Manul the Sneak (Vine Stalker Assassin)             Turns: 1964, Time: 00:01:55

Health: -3/18      AC:  6    Str: 13    XL:     3   Next: 70%
Magic:  0/4        EV: 10    Int: 11    God:
Gold:   66         SH:  4    Dex: 16    Spells: 2/2 levels left

rFire    . . .     SeeInvis .   h - +0 short sword (elec)
rCold    . . .     Gourm    .   y - +0 buckler
rNeg     . . .     Faith    .   j - +0 leather armour
rPois    .         Spirit   +   (no helmet)
rElec    .         Reflect  .   d - +0 cloak
rCorr    .         Harm     .   w - +0 pair of gloves
MR       .....                  o - +0 pair of boots
Stlth    +++.......             p - amulet of magic regeneration
HPRegen  0.06/turn              (no ring)
MPRegen  0.34/turn              (no ring)

@: no status effects
A: fangs 2, magic shield, antimagic bite, no potion heal 3, rot immunity
a: no special abilities


You were on level 3 of the Dungeon.
You were not hungry.

You visited 1 branch of the dungeon, and saw 3 of its levels.

You collected 66 gold pieces.

Inventory:

Hand Weapons
 a - a +2 dagger
 b - a +0 blowgun
 h - a +0 short sword of electrocution (weapon)
 u - a +2 trident of protection
Missiles
 e - 24 poisoned needles
 f - 2 curare-tipped needles
Armour
 c - a +0 robe
 d - a +0 cloak (worn)
 j - a +0 leather armour (worn)
 n - a +0 ring mail
 o - a +0 pair of boots (worn)
 w - a +0 pair of gloves (worn)
 y - a +0 buckler (worn)
Jewellery
 p - an amulet of magic regeneration (around neck)
Wands
 z - a wand of clouds (2/9)
Scrolls
 i - a scroll of immolation
 k - 3 scrolls of identify
 l - a scroll of blinking {unknown}
 r - a scroll of fear {unknown}
 s - a scroll of enchant weapon {unknown}
 v - 2 scrolls of teleportation {unknown}
Potions
 m - 3 potions of flight {unknown}
 t - 3 potions of curing {unknown}
Comestibles
 g - 3 bread rations
 q - a meat ration
 x - a chunk of flesh


   Skills:
 + Level 2.1 Fighting
 + Level 2.2 Short Blades
 + Level 1.8 Throwing
 + Level 0.4 Armour
 + Level 1.0 Dodging
 + Level 5.6 Stealth
 + Level 0.1 Shields


You had 2 spell levels left.
You didn't know any spells.

Dungeon Overview and Level Annotations

Branches:
Dungeon (3/15)

Altars:


Innate Abilities, Weirdness & Mutations

You have extremely sharp teeth.
When hurt, damage is shared between your health and your magic reserves.
Your bite disrupts and absorbs the magic of your enemies.
Potions cannot restore your health.
You are immune to rotting.


Message History

The centaur barely misses you.
Unknown command.
You barely miss the centaur. Your bite misses the centaur.
The centaur is severely wounded.
The centaur barely misses you.
You hit the centaur.
The centaur is almost dead.
The centaur hits you.
* * * LOW HITPOINT WARNING * * *
The centaur barely misses you.
Unknown command.
You hit the centaur.
The centaur is almost dead.
The centaur hits you.
* * * LOW HITPOINT WARNING * * *
You barely miss the centaur. You bite the centaur. You drain its power.
You feel invigorated.
The centaur is almost dead.
The centaur hits you!
You die...

..... . ..... .. #g
.#.#####.. ..c
.......... #...
......... .
#....##.....#..
.>.........!.....
.##..####c.#
.......(@.(#
.##...###..####.#.
..................
.##.#.###.#####.#.#
...#.#.#.#####.#.#
................#.#
.
................###
..#.#.............
# ... ....
#....⌠....#.#.##.
##


You could see a centaur.

Vanquished Creatures
  An adder (D:2)
  An ooze (D:1)
  A dart slug (D:1)
  A worm (D:2)
  5 bats
  A giant cockroach (D:1)
  5 goblins
  3 hobgoblins
  5 kobolds
  2 frilled lizards
  2 rats (D:2)
27 creatures vanquished.

Notes
Turn   | Place    | Note
-------+----------+-------------------------------------------
     0 | D:1      | Manul the Vine Stalker Assassin began the quest for the Orb.
     0 | D:1      | Reached XP level 1. HP: 11/11 MP: 2/2
    50 | D:1      | Reached skill level 5 in Stealth
   288 | D:1      | Reached XP level 2. HP: 6/15 MP: 1/3
   786 | D:1      | Reached skill level 1 in Dodging
   786 | D:1      | Reached XP level 3. HP: 18/18 MP: 4/4
  1951 | D:3      | Noticed a centaur
  1964 | D:3      | Slain by a centaur

Vault maps used:
D:1:      tarquinn_simple_flora_water_a, lemuel_another_geyser
D:2:      minmay_door_path
D:3:      first_bread, serial_park_tiny_pond, makhleb_heckhound_becter

Skill      XL: |  1  2 |
---------------+-------+-----
Stealth        | 5 |  5.6
Short Blades   | 2 |  2.2
Fighting       | 2 |  2.1
Dodging        | 1 |  1.0
Throwing       | |  1.8
Armour         | |  0.4
Shields        | |  0.1

Action                   || total
-------------------------++-------
Melee: Dagger            ||    22
       Bite              ||    10
       Short sword       ||    39
  Use: Scroll            ||     2
 Stab: Sleeping          ||     8
  Eat: Chunk             ||     3
Armor: Leather armour    ||    16
Dodge: Dodged            ||    25
Block: Buckler           ||     5

Table legend:
 A = Spawn XP
 B = Non-spawn XP
 C = Spawn XP percentage of total XP
 D = Spawn monster count
 E = Non-spawn monster count
 F = Spawn count percentage of total count
 G = Total turns spent on level
                    A         B        C        D         E        F      G
               +---------+---------+-------+---------+---------+-------+---------
         Total |      25 |      43 |  36.8 |       5 |      22 |  18.5 |  1964
               +---------+---------+-------+---------+---------+-------+---------
           D:1 |       9 |      28 |  24.3 |       2 |      14 |  12.5 |  1004
           D:2 |      16 |      13 |  55.2 |       3 |       7 |  30.0 |   882
           D:3 |       0 |       2 |   0.0 |       0 |       1 |   0.0 |    78
               +---------+---------+-------+---------+---------+-------+---------
